 Dungeon Crawl Stone Soup version 0.23.2-33-g5129a83 (webtiles) character file.

Game seed: 15464519704881240127

574 Aphrodieselac the Charmwright (level 7, -7/50 HPs)
             Began as a Merfolk Skald on Aug 7, 2019.
             Mangled by an ogre
             ... wielding a +0 giant club
              (20 damage)
             ... on level 5 of the Dungeon.
             The game lasted 00:21:15 (5735 turns).

Aphrodieselac the Charmwright (Merfolk Skald)       Turns: 5735, Time: 00:21:16

Health: -7/50      AC:  8    Str: 12    XL:     7   Next: 35%
Magic:  2/10       EV: 11    Int: 18    God:
Gold:   213        SH:  0    Dex: 14    Spells: 2/10 levels left

rFire    . . .     SeeInvis .   a - +0 spear
rCold    . . .     Gourm    .   (no shield)
rNeg     . . .     Faith    .   z - +3 ring mail "Umpasij" {+Blink}
rPois    .         Spirit   .   (no helmet)
rElec    .         Reflect  .   (no cloak)
rCorr    .         Harm     .   (no gloves)
MR       ++...                  (no boots)
Stlth    +.........             (no amulet)
HPRegen  0.16/turn              o - +2 ring of intelligence
MPRegen  0.12/turn              B - ring of the Mage {Wiz MR++ Int+3}

@: infused
A: change form in water, swift swim, stealthy swim
a: Evoke Blink


You were on level 5 of the Dungeon.
You were not hungry.

You visited 2 branches of the dungeon, and saw 6 of its levels.

You collected 213 gold pieces.

Inventory:

Hand Weapons
 a - a +0 spear (weapon)
 b - a +0 hunting sling
 x - the +1 whip of the Rat {slash, rC+ Int+2 Dex-2 Stlth+}
   (You found it on level 4 of the Dungeon)

   It inflicts extra damage upon your enemies.
   It affects your intelligence (+2).
   It affects your dexterity (-2).
   It protects you from cold.
   It makes you more stealthy.
Missiles
 t - 29 sling bullets
Armour
 c - a +0 leather armour
 m - a +1 ring mail of cold resistance
 z - the +3 ring mail "Umpasij" (worn) {+Blink}
   (You found it on level 4 of the Dungeon)

   It lets you blink.
Jewellery
 o - a +2 ring of intelligence (left hand)
 B - the ring of the Mage (right hand) {Wiz MR++ Int+3}
   (You found it on level 5 of the Dungeon)

   [ring of wizardry]

   It improves your spell success rate.
   It affects your intelligence (+3).
   It affects your resistance to hostile enchantments.
Scrolls
 g - 2 scrolls of fog {unknown}
 j - 2 scrolls of enchant armour {unknown}
 k - 5 scrolls of identify {unknown}
 l - 5 scrolls of remove curse {unknown}
 n - a scroll of magic mapping {unknown}
 s - a scroll of blinking {unknown}
 v - a scroll of noise {unknown}
 w - 2 scrolls of teleportation {unknown}
 y - a scroll of immolation {unknown}
 A - a scroll of amnesia {unknown}
Potions
 e - a potion of curing {unknown}
 f - 2 potions of flight {unknown}
 h - 2 potions of lignification {unknown}
 i - a potion of brilliance {unknown}
 p - a potion of heal wounds {unknown}
 q - a potion of berserk rage {unknown}
 r - a potion of agility {unknown}
 u - a potion of magic {unknown}
 D - 2 potions of cancellation {unknown}
Comestibles
 d - 6 rations
 C - a chunk of flesh


   Skills:
 - Level 2.1 Fighting
 + Level 6.9 Polearms
 - Level 0.6 Armour
 - Level 2.6 Dodging
 - Level 2.0 Spellcasting
 * Level 7.6 Charms


You had 2 spell levels left.
You knew the following spells:

 Your Spells              Type           Power        Failure   Level  Hunger
a - Infusion              Chrm           ####         1%          1    #......
b - Song of Slaying       Chrm           ####....     1%          2    ###....
c - Shroud of Golubria    Chrm/Tloc      ###.......   5%          2    ###....
d - Spectral Weapon       Hex/Chrm       ###.....     11%         3    ###....

Your spell library contained the following spells:

 Spells                   Type           Power        Failure   Level  Hunger
 Regeneration             Chrm/Necr      ###.......   11%         3    ###....


Dungeon Overview and Level Annotations

Branches:
Dungeon (5/15)             Temple (1/1) D:4

Altars:
Ashenzari
Cheibriados
Gozag
Hepliaklqana
Makhleb
Nemelex Xobeh
Qazlal
Ru
Sif Muna
Trog
Uskayaw
Vehumet
Yredelemnul

Annotations:
D:3 Grinder
D:4 Eustachio


Message History

Space distorts slightly along a thin shroud covering your body.
You hit the ogre.
The ogre is moderately wounded.
The ogre barely misses you.
You hit the ogre.
The ogre is moderately wounded.
The ogre hits you with a +0 giant club!
You hit the ogre!
The ogre is severely wounded.
You hit the ogre.
The ogre is almost dead.
The ogre hits you with a +0 giant club!
* * * LOW HITPOINT WARNING * * *
Your shroud falls apart!
You hit the ogre.
The ogre is almost dead.
You barely miss the ogre.
The ogre is almost dead.
The ogre hits you with a +0 giant club!!
You die...

#.##....# #########
..o... #..#....#
...... ##.#....#
...... #......# .###
.... ##.....#.#.##.##
#.....#...#...#
##.###..####.####
#####..##.##..#'#O.##
..........#._.'.@...#
######.#..##.##.##.##
....<#..#..###.#.# #
#######.#......#...
#.#...#.###..#
#..............
##.......#######
#....#### #.#+##


You could see an ogre.

Vanquished Creatures
  Prince Ribbit (D:5)
  A phantom (D:2)
  A scorpion (D:4)
  A hound (D:3)
  A bullfrog skeleton (D:4)
  Jessica (D:2)
  A worker ant (D:4)
  3 adders
  2 oozes
  An adder skeleton (D:5)
  4 worms
  2 dart slugs
  3 leopard geckos
  6 orcs
  2 giant cockroaches
  4 goblins
  9 hobgoblins
  5 jackals
  9 kobolds
  2 ball pythons (D:1)
  6 bats
  2 frilled lizards
  7 rats
74 creatures vanquished.

Notes
Turn   | Place    | Note
-------+----------+-------------------------------------------
     0 | D:1      | Aphrodieselac the Merfolk Skald began the quest for the
                  | Orb.
     0 | D:1      | Reached XP level 1. HP: 16/16 MP: 3/3
   178 | D:1      | Reached XP level 2. HP: 22/22 MP: 5/5
   493 | D:1      | Reached skill level 4 in Charms
   743 | D:1      | Reached XP level 3. HP: 26/27 MP: 0/6
  1493 | D:2      | Learned a level 2 spell: Song of Slaying
  1496 | D:2      | Learned a level 2 spell: Shroud of Golubria
  1648 | D:2      | Found a burning altar of Makhleb.
  1648 | D:2      | Noticed a green death
  1855 | D:2      | Noticed Jessica
  1861 | D:2      | Killed Jessica
  1861 | D:2      | Reached XP level 4. HP: 21/33 MP: 1/7
  2215 | D:2      | Reached skill level 5 in Charms
  2851 | D:3      | Noticed a phantom
  2892 | D:2      | Killed a phantom
  2892 | D:2      | Reached skill level 5 in Polearms
  2892 | D:2      | Reached XP level 5. HP: 19/38 MP: 3/8
  3086 | D:3      | Found a shattered altar of Ashenzari.
  3107 | D:3      | Found a stormy altar of Qazlal.
  3130 | D:3      | Found a sacrificial altar of Ru.
  3228 | D:3      | Noticed Grinder
  3454 | D:3      | Reached skill level 6 in Charms
  3857 | D:4      | Noticed Eustachio
  3880 | D:3      | Reached XP level 6. HP: 16/44 MP: 3/9
  4109 | D:3      | Paralysed by Grinder for 6 turns
  4145 | D:3      | Paralysed by Grinder for 6 turns
  4364 | D:4      | Got a fine whip
  4384 | D:4      | Identified the +1 whip of the Rat {slash, rC+ Int+2 Dex-2
                  | Stlth+} (You found it on level 4 of the Dungeon)
  4402 | D:4      | Found a staircase to the Ecumenical Temple.
  4412 | Temple   | Entered the Ecumenical Temple
  4742 | D:4      | Got a smoking ring mail
  4764 | D:4      | Identified the +3 ring mail "Umpasij" {+Blink} (You found
                  | it on level 4 of the Dungeon)
  4811 | D:5      | Entered Level 5 of the Dungeon
  5412 | D:5      | Noticed Prince Ribbit
  5413 | D:5      | Found the ring of the Mage {Wiz MR++ Int+3}
  5446 | D:5      | Killed Prince Ribbit
  5446 | D:5      | Reached skill level 7 in Charms
  5446 | D:5      | Reached XP level 7. HP: 23/50 MP: 1/10
  5660 | D:5      | Learned a level 3 spell: Spectral Weapon
  5714 | D:5      | Found a sparkling altar of Nemelex Xobeh.
  5735 | D:5      | Mangled by an ogre

Skill      XL: |  1  2  3  4  5  6 |
---------------+-------------------+-----
Charms         | 4 5 6 7 |  7.6
Polearms       | 4 5 6 |  6.9
Fighting       | |  2.1
Armour         | |  0.6
Dodging        | |  2.6
Spellcasting   | |  2.0

Action                   |  1- 3 |  4- 6 |  7- 9 || total
-------------------------+-------+-------+-------++-------
Melee: Spear             |   125 |   264 |    23 ||   412
 Fire: Hunting sling     |       |    12 |       ||    12
 Cast: Infusion          |     6 |     9 |     1 ||    16
       Song of Slaying   |       |     2 |       ||     2
       Shroud of Golubri |       |     4 |     1 ||     5
 Stab: Sleeping          |     1 |       |       ||     1
  Eat: Chunk             |     3 |     9 |     1 ||    13
       Ration            |       |     1 |       ||     1
Armor: Leather armour    |    14 |    28 |       ||    42
       Ring mail         |       |    21 |     4 ||    25
Dodge: Dodged            |    57 |   113 |     6 ||   176
